 Dungeon Crawl Stone Soup version 0.22.0-49-gab54619 (webtiles) character file.

289 Folque the Sneak (level 6, -9/39 HPs)
             Began as an Octopode Wizard on Sept 7, 2018.
             Killed from afar by an orc wizard (12 damage)
             ... with a puff of frost
             ... on level 3 of the Dungeon on Sept 8, 2018.
             The game lasted 00:14:49 (2559 turns).

Folque the Sneak (Octopode Wizard)                  Turns: 2559, Time: 00:14:49

Health: -9/39      AC:  2    Str:  7    XL:     6   Next: 31%
Magic:  1/11       EV: 13    Int: 22    God:
Gold:   134        SH:  0    Dex: 10    Spells: 1/12 levels left

rFire    . . .     SeeInvis .   v - +1 long sword (protect)
rCold    . . .     Gourm    .   (no shield)
rNeg     . . .     Faith    .   a - +1 hat
rPois    .         Spirit   .   (no amulet)
rElec    .         Reflect  .   (no ring)
rCorr    .         Harm     .   (no ring)
MR       .....                  (no ring)
Stlth    ++++......             (no ring)
HPRegen  0.13/turn              (no ring)
MPRegen  0.12/turn              (no ring)
                                (no ring)
                                (no ring)

@: very slightly contaminated
A: almost no armour, stealthy swim, amphibious, 8 rings, constrict 8, camouflage
1, gelatinous body 1
a: no special abilities


You were on level 3 of the Dungeon.
You were not hungry.

You visited 1 branch of the dungeon, and saw 4 of its levels.

You collected 134 gold pieces.

Inventory:

Hand Weapons
 k - a +2 dagger of venom
 t - a +0 blowgun
 v - a +1 long sword of protection (weapon)
Missiles
 q - 12 poisoned needles
 x - a throwing net (quivered)
Armour
 a - a +1 hat (worn)
Jewellery
 s - an uncursed ring of see invisible {unknown}
Wands
 u - a wand of disintegration (10)
Scrolls
 d - 2 scrolls of remove curse
 e - a scroll of enchant weapon {unknown}
 g - a scroll of amnesia {unknown}
 i - 2 scrolls of teleportation {unknown}
 m - 2 scrolls of enchant armour
 n - a scroll of fear {unknown}
 o - a scroll of random uselessness {unknown}
 p - 3 scrolls of identify
 y - 2 scrolls of noise {unknown}
Potions
 b - a potion of curing {unknown}
 f - a potion of mutation {unknown}
 h - a potion of berserk rage {unknown}
 r - a potion of brilliance {unknown}
 w - a potion of flight {unknown}
Comestibles
 c - 8 rations


   Skills:
 - Level 2.0 Fighting
 - Level 2.1 Throwing
 - Level 2.1 Dodging
 + Level 4.8 Stealth
 * Level 3.9 Spellcasting
 - Level 2.0 Conjurations
 - Level 1.0 Summonings
 - Level 1.0 Translocations
 * Level 0.5 Fire Magic
 - Level 1.0 Air Magic
 - Level 2.1 Poison Magic


You had one spell level left.
You knew the following spells:

 Your Spells              Type           Power        Failure   Level  Hunger
a - Magic Dart            Conj           ##..         4%          1    None
b - Call Imp              Summ           #.......     12%         2    #......
c - Blink                 Tloc           N/A          12%         2    #......
d - Mephitic Cloud        Conj/Pois/Air  ##......     17%         3    ###....
e - Conjure Flame         Conj/Fire      #.......     21%         3    ###....

Your spell library contained the following spells:

 Spells                   Type           Power        Failure   Level  Hunger
 Slow                     Hex            #.......     17%         2    #......


Dungeon Overview and Level Annotations

Branches:
Dungeon (4/15)
 Temple: D:4-7

Altars:


Innate Abilities, Weirdness & Mutations

You cannot wear most types of armour.
You are very stealthy in the water. (Stealth+)
You are amphibious.
You can wear up to eight rings at the same time.
You can use your tentacles to constrict eight enemies at once.
Your skin changes colour to match your surroundings (Stealth+).
Your rubbery body absorbs attacks. (AC +1, EV +1)


Message History

That beam is likely to hit you.
Continue anyway?
You miscast Mephitic Cloud.
You feel electric! Something hits you. x2
* * * LOW HITPOINT WARNING * * *
You miss something. Something hits you.
* * * LOW HITPOINT WARNING * * *
Something hits you but does no damage. Something hits you.
* * * LOW HITPOINT WARNING * * *
Things that are here:
a short sword; an orc corpse
There is a stone staircase leading up here.
Something hits you but does no damage. x2
You climb upwards.
There is a stone staircase leading down here.
A magic dart appears from out of thin air!
The magic dart hits you!
* * * LOW HITPOINT WARNING * * *
A puff of frost appears from out of thin air!
The puff of frost hits you!
You die...

#.## ##...........##.#..#.#######
#..# #.....................#.....
##.###...>.......####.........(..
#......)....<...# ##..#####.....
####............# #..## #.....
#..........>.# #.## #.....
##.#........#.# #.# #.....
#..##......#..# #.# #.....
##.####.######@###.# ###### #..#
#.# #......#### #.##
#.#####.........###
##.#####.......#######...####
#..............# ###....# ##
#..#########...### ####.# #. ####
#.....### #.###.
#...#...########..#..
#....................


There were no monsters in sight!

Vanquished Creatures
  An ogre (D:4)
  A hound (D:4)
  A bullfrog skeleton (D:4)
  A centaur skeleton (D:4)
  Ijyb (D:3)
  An adder (D:3)
  2 oozes
  2 leopard geckos
  5 orcs
  3 ball pythons
  3 giant cockroaches
  8 goblins
  4 hobgoblins
  3 quokkas
  6 bats
  3 frilled lizards
  6 kobolds
  10 rats
61 creatures vanquished.

Vanquished Creatures (collateral kills)
  An ooze (D:1)
  A dart slug (D:3)
  A hobgoblin (D:3)
  3 jackals (D:2)
  A kobold (D:3)
7 creatures vanquished.

Grand Total: 68 creatures vanquished

Notes
Turn   | Place    | Note
-------+----------+-------------------------------------------
     0 | D:1      | Folque the Octopode Wizard began the quest for the Orb.
     0 | D:1      | Reached XP level 1. HP: 11/11 MP: 4/4
   372 | D:1      | Reached skill level 1 in Fighting
   372 | D:1      | Reached XP level 2. HP: 18/18 MP: 6/6
   377 | D:1      | Learned a level 2 spell: Call Imp
   380 | D:1      | Learned a level 2 spell: Blink
   669 | D:1      | Reached XP level 3. HP: 8/24 MP: 2/7
   675 | D:1      | Learned a level 3 spell: Mephitic Cloud
  1147 | D:2      | Reached skill level 1 in Poison Magic
  1293 | D:2      | Reached skill level 3 in Stealth
  1468 | D:3      | Noticed Ijyb
  1529 | D:3      | Reached XP level 4. HP: 29/29 MP: 2/8
  1758 | D:3      | Reached skill level 1 in Air Magic
  1813 | D:3      | Killed Ijyb
  2150 | D:4      | Reached skill level 4 in Stealth
  2150 | D:4      | Reached XP level 5. HP: 30/34 MP: 7/9
  2172 | D:4      | Noticed an ogre
  2181 | D:4      | Killed an ogre
  2181 | D:4      | Reached skill level 1 in Throwing
  2181 | D:4      | Reached XP level 6. HP: 31/39 MP: 4/11
  2186 | D:4      | Learned a level 3 spell: Conjure Flame
  2559 | D:3      | Killed from afar by an orc wizard

Skill      XL: |  1  2  3  4  5  6 |
---------------+-------------------+-----
Fighting       | 1 2 |  2.0
Poison Magic   | 1 2 |  2.1
Stealth        | 3 4 |  4.8
Conjurations   | 2 |  2.0
Air Magic      | 1 |  1.0
Throwing       | 1 2 |  2.1
Dodging        | |  2.1
Spellcasting   | |  3.9
Summonings     | |  1.0
Translocations | |  1.0
Fire Magic     | |  0.5

Action                   |  1- 3 |  4- 6 || total
-------------------------+-------+-------++-------
Melee: Club              |    42 |       ||    42
       Unarmed           |     9 |       ||     9
       Constrict         |    19 |     8 ||    27
       Tentacles         |     5 |     8 ||    13
       Dagger            |    31 |    23 ||    54
       Short sword       |     1 |       ||     1
       Long sword        |       |    27 ||    27
 Cast: Magic Dart        |    16 |    10 ||    26
       Call Imp          |     6 |     1 ||     7
       Blink             |     1 |     1 ||     2
       Mephitic Cloud    |       |     3 ||     3
       Conjure Flame     |       |     1 ||     1
  Use: Scroll            |     1 |     2 ||     3
       Potion            |       |     1 ||     1
 Stab: Sleeping          |    15 |     5 ||    20
       Distracted        |     1 |       ||     1
       Confused          |       |     1 ||     1
  Eat: Chunk             |     2 |     4 ||     6
Armor: Skin              |     3 |    10 ||    13
Dodge: Dodged            |    50 |    41 ||    91
       Rpst.: Long sword |       |     7 ||     7
